IL
SACRAMENTO RIVER CATS @ COLUMBUS CLIPPERS
10/27/2049
 
TOP OF THE 1ST
Montgomery Biscuits batting - Pitching for Jackson Generals : RHP Jake Underhill
Pitching: RHP Jake Underhill
Batting: LHB Davion Lewis 0-0: Ball
1-0: Fly out, F1 (Line Drive, P, EV 72.5 MPH)
Batting: RHB Steve French 0-0: Called Strike
0-1: Swinging Strike
0-2: Ball
1-2: Ground out U3 (Groundball, 34S, EV 85.6 MPH)
Batting: RHB Wing-kit Bu 0-0: Ball
1-0: Ball
2-0: Ball
3-0: Base on Balls
Batting: LHB David Seminario 0-0: Ball
1-0: Called Strike
Wing-kit Bu steals 2nd base
1-1: Swinging Strike
1-2: Ball
2-2: Fly out, F8 (Flyball, 78M, EV 89.4 MPH)
Top of the 1st over - 0 runs, 0 hits, 0 errors, 1 left on base; Montgomery 0 - Jackson 0
BOTTOM OF THE 1ST
Jackson Generals batting - Pitching for Montgomery Biscuits : LHP Dave Lindsay
Pitching: LHP Dave Lindsay
Batting: LHB Jerrod Cluck 0-0: Called Strike
0-1: Ball
1-1: Ball
2-1: Ball
3-1: Called Strike
3-2: Fly out, F6 (Popup, 6MS, EV 65.6 MPH)
Batting: RHB Malik Brookshire 0-0: Called Strike
0-1: Ball
1-1: Foul Ball, location: 2F
1-2: Foul Ball, location: 2F
1-2: Ball
2-2: Ball
3-2: Foul Ball, location: 2F
3-2: Base on Balls
Batting: RHB Tony Vargas 0-0: Foul Ball, location: 2F
0-1: Ball
1-1: Ball
2-1: Ball
3-1: TRIPLE (Line Drive, 8LXD, EV 101.9 MPH)
Malik Brookshire scores
Batting: LHB Cliff Thomas 0-0: Called Strike
0-1: Ball
1-1: Foul Ball, location: 2F
1-2: Strikes out looking
Batting: RHB Harutomi Matsubara 0-0: Foul Ball, location: 2F
0-1: Ground out 4-3 (Groundball, 4, EV 88.1 MPH)
Bottom of the 1st over - 1 run, 1 hit, 0 errors, 1 left on base; Montgomery 0 - Jackson 1
TOP OF THE 2ND
Montgomery Biscuits batting - Pitching for Jackson Generals : RHP Jake Underhill
Batting: SHB Brett McEwen 0-0: Ball
1-0: Called Strike
1-1: Ball
2-1: SINGLE (Groundball, 3D, EV 101.9 MPH)
Batting: LHB Barnabé Metrass 0-0: Ball
1-0: Swinging Strike
1-1: Ball
2-1: Ball
3-1: Called Strike
3-2: Strikes out swinging
Batting: SHB Willie Koviak 0-0: Called Strike
0-1: Called Strike
0-2: Ball
1-2: Strikes out swinging
Batting: RHB Jose Herrera 0-0: Foul Ball, location: 2F
0-1: Swinging Strike
0-2: Ball
1-2: Ball
2-2: Strikes out swinging
Top of the 2nd over - 0 runs, 1 hit, 0 errors, 1 left on base; Montgomery 0 - Jackson 1
BOTTOM OF THE 2ND
Jackson Generals batting - Pitching for Montgomery Biscuits : LHP Dave Lindsay
Batting: LHB Tom Reynolds 0-0: Ball
1-0: Called Strike
1-1: Foul Ball, location: 2F
1-2: Foul Ball, location: 2F
1-2: Strikes out looking
Batting: RHB Brad Robidas 0-0: Ball
1-0: Called Strike
1-1: Ground out 1-3 (Groundball, 15S, EV 65.0 MPH)
Batting: LHB Matt Purke Jr. 0-0: Called Strike
0-1: Foul Ball, location: 2F
0-2: Ball
1-2: Foul Ball, location: 2F
1-2: Ball
2-2: Foul Ball, location: 2F
2-2: Foul Ball, location: 2F
2-2: Strikes out swinging
Bottom of the 2nd over - 0 runs, 0 hits, 0 errors, 0 left on base; Montgomery 0 - Jackson 1
TOP OF THE 3RD
Montgomery Biscuits batting - Pitching for Jackson Generals : RHP Jake Underhill
Batting: RHB Alfredo Moreno 0-0: Called Strike
0-1: Called Strike
0-2: Ball
1-2: Foul Ball, location: 2F
1-2: Ball
2-2: Foul Ball, location: 2F
2-2: Strikes out swinging
Batting: LHB Davion Lewis 0-0: Swinging Strike
0-1: SINGLE (Line Drive, 8LS, EV 96.2 MPH)
Batting: RHB Steve French 0-0: Ball
1-0: Foul Ball, location: 2F
1-1: Ball
2-1: Called Strike
2-2: Ball
3-2: Ground out 4-3 (Groundball, 4, EV 100.6 MPH)
Davion Lewis to second
Batting: RHB Wing-kit Bu 0-0: Ball
1-0: Ground out 5-3 (Groundball, 5L, EV 100.6 MPH)
Top of the 3rd over - 0 runs, 1 hit, 0 errors, 1 left on base; Montgomery 0 - Jackson 1
BOTTOM OF THE 3RD
Jackson Generals batting - Pitching for Montgomery Biscuits : LHP Dave Lindsay
Batting: RHB Micah Roth 0-0: Swinging Strike
0-1: Ball
1-1: Ball
2-1: Foul Ball, location: 2F
2-2: Ball
3-2: SINGLE (Groundball, 56D, EV 103.8 MPH)
Batting: LHB Jerrod Cluck 0-0: Called Strike
0-1: Ball
1-1: Ball
2-1: Hit by Pitch
Micah Roth to second
Batting: RHB Malik Brookshire 0-0: Ball
1-0: Foul Ball, location: 2F
1-1: Called Strike
1-2: Fielders Choice at 2nd, 3-6 (Groundball, 34, EV 82.5 MPH)
Micah Roth to third
Batting: RHB Tony Vargas 0-0: Called Strike
0-1: Ball
1-1: Ball
2-1: Ball
3-1: Swinging Strike
3-2: Foul Ball, location: 2F
3-2: Base on Balls
Malik Brookshire to second
Batting: LHB Cliff Thomas 0-0: Fly out, F8 (Line Drive, 8RM, EV 96.2 MPH)
Runner from 3rd tags up, SCORES, no throw by CF
Batting: RHB Harutomi Matsubara 0-0: Ball
1-0: Ball
2-0: Foul Ball, location: 2F
2-1: Ball
3-1: Foul Ball, location: 2F
3-2: Base on Balls
Malik Brookshire to third
Tony Vargas to second
Batting: LHB Tom Reynolds 0-0: Swinging Strike
0-1: Swinging Strike
0-2: SINGLE (Line Drive, 89M, EV 105.6 MPH)
Malik Brookshire scores
Tony Vargas to third
Harutomi Matsubara to second
Runner from 3rd tries for Home, SAFE, throw by RF to home
Pitching: RHP Miguel Romero
Batting: RHB Brad Robidas 0-0: Swinging Strike
0-1: Ball
1-1: Called Strike
1-2: Strikes out looking and he ARGUES THE CALL AND IS TOSSED!
Bottom of the 3rd over - 3 runs, 2 hits, 0 errors, 2 left on base; Montgomery 0 - Jackson 4
TOP OF THE 4TH
Montgomery Biscuits batting - Pitching for Jackson Generals : RHP Jake Underhill
Now at 3B: Jesus Torres
Batting: LHB David Seminario 0-0: Ball
1-0: Ball
2-0: Foul Ball, location: 2F
2-1: Fly out, F7 (Flyball, 7, EV 90.0 MPH)
Batting: SHB Brett McEwen 0-0: Called Strike
0-1: Ball
1-1: Swinging Strike
1-2: Foul Ball, location: 2F
1-2: Ball
2-2: Strikes out swinging
Batting: LHB Barnabé Metrass 0-0: Ball
1-0: Ball
2-0: Ball
3-0: Called Strike
3-1: Called Strike
3-2: Strikes out swinging
Top of the 4th over - 0 runs, 0 hits, 0 errors, 0 left on base; Montgomery 0 - Jackson 4
BOTTOM OF THE 4TH
Jackson Generals batting - Pitching for Montgomery Biscuits : RHP Miguel Romero
Batting: LHB Matt Purke Jr. 0-0: Ball
1-0: Called Strike
1-1: Ground out 4-3 (Groundball, 4M, EV 83.1 MPH)
Batting: RHB Micah Roth 0-0: Ball
1-0: Ball
2-0: SINGLE (Groundball, 3D, EV 105.0 MPH)
Batting: LHB Jerrod Cluck 0-0: Ball
1-0: Foul Ball, location: 2F
1-1: Foul Ball, location: 2F
1-2: Strikes out looking
Batting: RHB Malik Brookshire 0-0: Called Strike
Micah Roth steals 2nd base (no throw)
0-1: Ball
1-1: Ball
2-1: Ball
3-1: Base on Balls
Batting: RHB Tony Vargas 0-0: Called Strike
0-1: Ball
1-1: Foul Ball, location: 2F
1-2: Ball
2-2: Ball
3-2: Base on Balls
Micah Roth to third
Malik Brookshire to second
Batting: LHB Cliff Thomas 0-0: Ball
1-0: Ball
2-0: Swinging Strike
2-1: Foul Ball, location: 2F
2-2: Ball
3-2: Base on Balls
Micah Roth scores
Malik Brookshire to third
Tony Vargas to second
Batting: RHB Harutomi Matsubara 0-0: Called Strike
0-1: Ball
1-1: Ball
2-1: Foul Ball, location: 2F
2-2: Foul Ball, location: 2F
2-2: Strikes out looking
Bottom of the 4th over - 1 run, 1 hit, 0 errors, 3 left on base; Montgomery 0 - Jackson 5
TOP OF THE 5TH
Montgomery Biscuits batting - Pitching for Jackson Generals : RHP Jake Underhill
Batting: SHB Willie Koviak 0-0: Foul Ball, location: 2F
0-1: Ball
1-1: Ball
2-1: Foul Ball, location: 2F
2-2: Foul Ball, location: 2F
2-2: Ground out 6-3 (Groundball, 6MD, EV 87.5 MPH)
Batting: RHB Jose Herrera 0-0: Ground out 4-3 (Groundball, 4M, EV 81.2 MPH)
Batting: RHB Alfredo Moreno 0-0: Ball
1-0: SINGLE (Line Drive, 9LS, EV 90.6 MPH)
Batting: LHB Davion Lewis 0-0: Ball
1-0: Foul Ball, location: 2F
1-1: Ball
2-1: Called Strike
2-2: Ball
3-2: Base on Balls
Alfredo Moreno to second
Batting: RHB Steve French 0-0: Ball
1-0: Foul Ball, location: 2F
1-1: Ball
2-1: Ball
3-1: Base on Balls
Alfredo Moreno to third
Davion Lewis to second
Batting: RHB Wing-kit Bu 0-0: Called Strike
0-1: Fly out, F8 (Flyball, 8RXD, EV 92.5 MPH)
Top of the 5th over - 0 runs, 1 hit, 0 errors, 3 left on base; Montgomery 0 - Jackson 5
BOTTOM OF THE 5TH
Jackson Generals batting - Pitching for Montgomery Biscuits : RHP Miguel Romero
Batting: LHB Tom Reynolds 0-0: Called Strike
0-1: Ball
1-1: Called Strike
1-2: Ground out 4-3 (Groundball, 4, EV 105.0 MPH)
Batting: RHB Jesus Torres 0-0: Called Strike
0-1: Ball
1-1: Fly out, F8 (Flyball, 8RD, EV 94.4 MPH)
Batting: LHB Matt Purke Jr. 0-0: Ball
1-0: Fly out, F7 (Flyball, 7, EV 84.4 MPH)
Bottom of the 5th over - 0 runs, 0 hits, 0 errors, 0 left on base; Montgomery 0 - Jackson 5
TOP OF THE 6TH
Montgomery Biscuits batting - Pitching for Jackson Generals : RHP Jake Underhill
Pitching: RHP Mike Bator
Batting: LHB David Seminario 0-0: Foul Ball, location: 2F
0-1: Foul Ball, location: 2F
0-2: Ball
1-2: Ground out 5-3 (Groundball, 56S, EV 67.5 MPH)
Batting: SHB Brett McEwen 0-0: Called Strike
0-1: Ball
1-1: Ball
2-1: Foul Ball, location: 2F
2-2: Ball
3-2: Strikes out swinging
Batting: LHB Barnabé Metrass 0-0: Ball
1-0: SINGLE (Groundball, 3D, EV 95.6 MPH)
Batting: SHB Willie Koviak 0-0: Ground out 4-3 (Groundball, 4, EV 95.6 MPH)
Top of the 6th over - 0 runs, 1 hit, 0 errors, 1 left on base; Montgomery 0 - Jackson 5
BOTTOM OF THE 6TH
Jackson Generals batting - Pitching for Montgomery Biscuits : RHP Miguel Romero
Pitching: RHP Jesse Rosa
Batting: RHB Micah Roth 0-0: Called Strike
0-1: SINGLE (Flyball, 5D, EV 87.5 MPH)
Batting: LHB Jerrod Cluck 0-0: Called Strike
0-1: Ball
1-1: Grounds into double play, 6-4-3 (Groundball, 6, EV 85.6 MPH)
Batting: RHB Malik Brookshire 0-0: Hit by Pitch
Batting: RHB Tony Vargas 0-0: Ball
1-0: Ball
2-0: Ball
3-0: Called Strike
3-1: Foul Ball, location: 2F
3-2: Base on Balls
Malik Brookshire to second
Batting: LHB Cliff Thomas 0-0: Ball
1-0: Foul Ball, location: 2F
1-1: Foul Ball, location: 2F
1-2: Foul Ball, location: 2F
1-2: Strikes out looking
Bottom of the 6th over - 0 runs, 1 hit, 0 errors, 2 left on base; Montgomery 0 - Jackson 5
TOP OF THE 7TH
Montgomery Biscuits batting - Pitching for Jackson Generals : RHP Mike Bator
Batting: RHB Jose Herrera 0-0: Foul Ball, location: 2F
0-1: Foul Ball, location: 2F
0-2: Ball
1-2: Ball
2-2: Ground out 5-3 (Groundball, 56, EV 106.2 MPH)
Batting: RHB Alfredo Moreno 0-0: Ball
1-0: Ball
2-0: SINGLE (Groundball, 25, EV 66.9 MPH) (infield hit)
Batting: LHB Davion Lewis 0-0: Foul Ball, location: 2F
0-1: Ball
1-1: Foul Ball, location: 2F
1-2: Ball
2-2: Ball
3-2: Base on Balls
Alfredo Moreno to second
Pitching: RHP Kurt Loscalzo
Batting: RHB Steve French 0-0: Ball
1-0: Ball
2-0: Foul Ball, location: 2F
2-1: Foul Ball, location: 2F
2-2: Ball
3-2: Base on Balls
Alfredo Moreno to third
Davion Lewis to second
Pitching: RHP Chris Gilbo
Batting: RHB Wing-kit Bu 0-0: Ball
1-0: Ball
2-0: Ball
3-0: Called Strike
3-1: Foul Ball, location: 2F
3-2: Strikes out looking
Batting: LHB David Seminario 0-0: Ball
1-0: Called Strike
1-1: Swinging Strike
1-2: Ball
2-2: Foul Ball, location: 2F
2-2: Ball
3-2: GRAND SLAM HOME RUN (Flyball, 9D, EV 98.8 MPH), Distance : 394 ft
Batting: SHB Brett McEwen 0-0: Ball
1-0: Ball
2-0: SINGLE (Line Drive, 6MD, EV 96.2 MPH)
Batting: LHB Barnabé Metrass 0-0: Swinging Strike
0-1: Foul Ball, location: 2F
0-2: Ball
1-2: Strikes out swinging
Top of the 7th over - 4 runs, 3 hits, 0 errors, 1 left on base; Montgomery 4 - Jackson 5
BOTTOM OF THE 7TH
Jackson Generals batting - Pitching for Montgomery Biscuits : RHP Jesse Rosa
Batting: RHB Harutomi Matsubara 0-0: Foul Ball, location: 2F
0-1: Swinging Strike
0-2: Fly out, F9 (Flyball, 89D, EV 105.6 MPH)
Batting: LHB Tom Reynolds 0-0: Ball
1-0: Ball
2-0: Called Strike
2-1: SINGLE (Flyball, 5D, EV 98.1 MPH)
Batting: RHB Jesus Torres 0-0: Ball
1-0: Foul Ball, location: 2F
1-1: Swinging Strike
1-2: Strikes out swinging
Batting: LHB Matt Purke Jr. 0-0: Called Strike
0-1: Called Strike
0-2: Ball
1-2: Ball
2-2: Ball
3-2: Foul Ball, location: 2F
3-2: Strikes out swinging
Bottom of the 7th over - 0 runs, 1 hit, 0 errors, 1 left on base; Montgomery 4 - Jackson 5
TOP OF THE 8TH
Montgomery Biscuits batting - Pitching for Jackson Generals : RHP Chris Gilbo
Now in RF: Joe Stading
Batting: SHB Willie Koviak 0-0: Foul Ball, location: 2F
0-1: Ball
1-1: Ball
2-1: Fly out, F2 (Popup, 5SF, EV 78.8 MPH)
Batting: RHB Jose Herrera 0-0: Called Strike
0-1: Foul Ball, location: 2F
0-2: Strikes out swinging
Batting: RHB Alfredo Moreno 0-0: Called Strike
0-1: Foul Ball, location: 2F
0-2: Ball
1-2: Fly out, F3 (Popup, 3SF, EV 79.4 MPH)
Top of the 8th over - 0 runs, 0 hits, 0 errors, 0 left on base; Montgomery 4 - Jackson 5
BOTTOM OF THE 8TH
Jackson Generals batting - Pitching for Montgomery Biscuits : RHP Jesse Rosa
Pitching: LHP Sam Wesman
Batting: RHB Micah Roth 0-0: Ground out 3-1 (Groundball, 34S, EV 76.9 MPH)
Batting: LHB Jerrod Cluck 0-0: Ball
1-0: Ball
2-0: Ball
3-0: Called Strike
3-1: Called Strike
3-2: Foul Ball, location: 2F
3-2: Fly out, F8 (Flyball, 8LM, EV 75.6 MPH)
Batting: RHB Malik Brookshire 0-0: Ball
1-0: Ball
2-0: Ground out U3 (Groundball, 34S, EV 83.8 MPH)
Bottom of the 8th over - 0 runs, 0 hits, 0 errors, 0 left on base; Montgomery 4 - Jackson 5
TOP OF THE 9TH
Montgomery Biscuits batting - Pitching for Jackson Generals : RHP Chris Gilbo
Now in CF: Ignacio Bernal
Batting: LHB Davion Lewis 0-0: Called Strike
0-1: Fly out, F1 (Line Drive, P, EV 75.0 MPH)
Batting: RHB Steve French 0-0: Swinging Strike
0-1: Ball
1-1: Ball
2-1: Called Strike
2-2: Ball
3-2: Ground out 6-3 (Groundball, 56S, EV 85.0 MPH)
Batting: RHB Wing-kit Bu 0-0: Ball
1-0: Called Strike
1-1: SINGLE (Line Drive, 89S, EV 97.5 MPH)
Batting: LHB David Seminario 0-0: Foul Ball, location: 2F
0-1: Ball
1-1: Swinging Strike
1-2: Ball
2-2: Foul Ball, location: 2F
2-2: Ball
3-2: Base on Balls
Wing-kit Bu to second
Pitching: RHP Victor Cervantes
Batting: SHB Brett McEwen 0-0: Ground out U3 (Groundball, 3S, EV 90.0 MPH)
Top of the 9th over - 0 runs, 1 hit, 0 errors, 2 left on base; Montgomery 4 - Jackson 5
Sunday, July 16th , 2023 - OOTP Baseball 24.6 Build 69